 Dungeon Crawl Stone Soup version 0.22-a0-362-g535178c5c5 (webtiles) character file.

6484 Laan the Covert (level 11, -2/54 HPs)
             Began as a Kobold Enchanter on Apr 21, 2018.
             Was a Believer of Dithmenos.
             Impaled on a porcupine's spines (10 damage)
             ... on level 9 of the Dungeon.
             The game lasted 00:36:17 (12899 turns).

Laan the Covert (Kobold Enchanter)                 Turns: 12899, Time: 00:36:17

Health: -2/54      AC:  6    Str:  6    XL:     11   Next: 19%
Magic:  2/14       EV: 20    Int: 19    God:    Dithmenos [**....]
Gold:   481        SH:  0    Dex: 16    Spells: 8/14 levels left

rFire    + . .     SeeInvis .   a - +1 dagger
rCold    . . .     Gourm    .   (shield restricted)
rNeg     . . .     Faith    .   y - +2 leather armour {rPois}
rPois    +         Spirit   .   (no helmet)
rElec    .         Reflect  .   G - scarf {cloud immunity}
rCorr    .         Harm     .   (no gloves)
MR       .....                  c - +0 pair of boots
Stlth    ++++++....             (no amulet)
HPRegen  0.18/turn              i - ring of protection from fire
MPRegen  0.14/turn              I - ring of poison resistance

@: very slightly contaminated, wreathed by umbra
A: small, carnivore
a: Shadow Step, Renounce Religion


You were on level 9 of the Dungeon.
You worshipped Dithmenos.
Dithmenos was pleased with you.
You were very full.

You visited 2 branches of the dungeon, and saw 11 of its levels.

You collected 541 gold pieces.
You spent 60 gold pieces at shops.

Inventory:

Hand Weapons
 a - a +1 dagger (weapon)
Missiles
 p - 208 stones (quivered)
 A - 27 poisoned needles
Armour
 c - a +0 pair of boots (worn)
 y - a +2 leather armour of poison resistance (worn)
 E - a +0 cloak of poison resistance
 G - a scarf of cloud immunity (worn)
Magical Staves
 H - an uncursed staff of conjuration
Jewellery
 i - a ring of protection from fire (left hand)
 I - a ring of poison resistance (right hand)
Wands
 b - a wand of polymorph (29)
 r - a wand of enslavement (12)
 B - a wand of digging (16)
Scrolls
 e - 4 scrolls of immolation {unknown}
 f - 3 scrolls of teleportation {unknown}
 g - 4 scrolls of amnesia {unknown}
 k - 7 scrolls of identify
 l - 5 scrolls of remove curse {unknown}
 o - a scroll of random uselessness {unknown}
 s - a scroll of noise {unknown}
 u - a scroll of fear {unknown}
 v - a scroll of vulnerability {unknown}
 w - 2 scrolls of blinking {unknown}
 x - a scroll of acquirement {unknown}
Potions
 h - 2 potions of might
 j - a potion of brilliance {unknown}
 m - 4 potions of curing {unknown}
 n - 2 potions of lignification {unknown}
 q - 2 potions of cancellation {unknown}
 t - a potion of heal wounds
 z - a potion of agility {unknown}
 C - a potion of degeneration {unknown}
 D - 2 potions of flight {unknown}
 F - 2 potions of mutation {unknown}
Comestibles
 d - 16 rations
 J - 10 chunks of flesh


   Skills:
 * Level 10.0 Short Blades
 + Level 9.0 Dodging
 * Level 11.4 Stealth
 - Level 2.3 Spellcasting
 + Level 10.3 Hexes


You had 8 spell levels left.
You knew the following spells:

 Your Spells              Type           Power        Failure   Level  Hunger
a - Corona                Hex            #####..      1%          1    #......
b - Ensorcelled Hibernat  Hex/Ice        ###...       4%          2    ##.....
c - Confuse               Hex            #####...     1%          3    ###....


Dungeon Overview and Level Annotations

Branches:
Dungeon (10/15)            Temple (1/1) D:5
   Lair: D:8-11         Orc: D:9-12

Altars:
Ashenzari
Cheibriados
Dithmenos
Elyvilon
Fedhas
Gozag
Hepliaklqana
Kikubaaqudgha
Makhleb
Nemelex Xobeh
Okawaru
Qazlal
Ru
Sif Muna
Trog
Uskayaw
Vehumet
Wu Jian
Xom
Yredelemnul
Zin
The Shining One

Shops:
D:5 (!   D:7 [


Innate Abilities, Weirdness & Mutations

You are small and have problems with some larger weapons.
You are carnivorous and can eat meat at any time.


Message History

You see here a crocodile corpse.
The porcupine bites you but does no damage.
Things that are here:
a chain mail; a falchion The porcupine misses you.
The porcupine bites you.
* * * LOW HITPOINT WARNING * * *
There is a stone staircase leading up, spattered with blood here.
The porcupine misses you.
You climb upwards.
There is a stone staircase leading down here.
Unknown command.
Casting: Ensorcelled Hibernation (safe; 4% risk of failure)
Confirm with . or Enter, or press ? or * to list all spells.
Aiming: Ensorcelled Hibernation (safe; 4% risk of failure)
Press: ? - help, Shift-Dir - straight line, f - porcupine
Aim: a porcupine (moderately wounded, umbra, chance to defeat MR: 50%)
The porcupine looks drowsy...
You are struck by the porcupine's spines.
You die...

######## .......#
######### .......#
#.......# .......#
#.......# <......#
#.......# .......###
#.......# .........#
#....@..#
.......#.###....r..#
.......#...#.......#
.......###.'.<.....#
.......# ###.......#
.####### #.......#
...# ###'##### ##.##
##..# ....# #..##


You could see a porcupine (sleeping).

Vanquished Creatures
  A two-headed ogre (D:8)
  Pikel (D:9)
  A troll (D:9)
  4 hippogriffs
  A wyvern (D:9)
  9 yaks
  The ghost of Satyr the Ruffian, an amateur DrTm of Dithmenos (D:3)
  A water moccasin (D:8)
  An ice beast (D:7)
  A sky beast (D:8)
  2 phantoms
  6 ogres
  A necrophage (D:10)
  7 centaurs
  2 crocodiles (D:10)
  2 bullfrogs
  A wyvern skeleton (D:8)
  A scorpion (D:6)
  2 howler monkeys (D:6)
  A wight (D:10)
  A quasit (D:6)
  A crimson imp (D:9)
  A jelly (D:7)
  2 bullfrog zombies (D:8)
  3 hounds
  An orc priest (D:5)
  3 orc wizards
  A centaur skeleton (D:5)
  2 iguanas
  2 bullfrog skeletons
  3 worker ants
  A hound skeleton (D:6)
  A worker ant zombie (D:9)
  Robin (D:4)
  14 adders
  3 gnolls (D:3)
  A shadow imp (D:9)
  A white imp (D:8)
  An ooze (D:6)
  An adder zombie (D:2)
  3 worms
  2 dart slugs (D:2)
  2 leopard geckos
  25 orcs
  7 bats
  7 giant cockroaches
  9 hobgoblins
  13 jackals
  5 kobolds
  5 quokkas
  5 ball pythons
  A ball python skeleton (D:4)
  6 frilled lizards
  14 goblins
  A quokka skeleton (D:6)
  A quokka zombie (D:9)
  6 rats
202 creatures vanquished.

Vanquished Creatures (others)
  4 fungi (D:10)
  12 plants (D:10)
16 creatures vanquished.

Grand Total: 218 creatures vanquished

Notes
Turn   | Place    | Note
-------+----------+-------------------------------------------
     0 | D:1      | Laan the Kobold Enchanter began the quest for the Orb.
     0 | D:1      | Reached XP level 1. HP: 10/10 MP: 3/3
   299 | D:1      | Reached XP level 2. HP: 10/15 MP: 5/5
   935 | D:1      | Learned a level 2 spell: Ensorcelled Hibernation
  1049 | D:1      | Reached XP level 3. HP: 13/19 MP: 6/6
  1553 | D:2      | Found a basalt altar of Yredelemnul.
  1556 | D:2      | Found an ornate altar of the Wu Jian Council.
  1559 | D:2      | Found a white marble altar of Elyvilon.
  1562 | D:2      | Found a hazy altar of Hepliaklqana.
  2080 | D:2      | Reached XP level 4. HP: 23/24 MP: 7/7
  2994 | D:3      | Noticed Satyr's ghost (amateur DrTm)
  3052 | D:3      | Learned a level 3 spell: Confuse
  3282 | D:3      | Killed Satyr's ghost
  3282 | D:3      | Reached skill level 5 in Stealth
  3282 | D:3      | Reached XP level 5. HP: 10/28 MP: 0/8
  3282 | D:3      | Reached XP level 6. HP: 12/32 MP: 0/9
  4289 | D:3      | Found an opulent altar of Gozag.
  4290 | D:3      | Found a sparkling altar of Nemelex Xobeh.
  5011 | D:4      | Noticed an ogre
  5015 | D:4      | Killed an ogre
  5066 | D:3      | Reached skill level 5 in Hexes
  5128 | D:4      | Noticed an ogre
  5303 | D:3      | Reached XP level 7. HP: 24/36 MP: 3/10
  5744 | D:4      | Reached skill level 6 in Stealth
  5842 | D:4      | Noticed Robin
  5870 | D:4      | Killed Robin
  6075 | D:4      | You fall through a shaft for 2 floors!
  6179 | D:5      | Entered Level 5 of the Dungeon
  6408 | D:5      | Found Cir Jir's Antique Weapon Boutique.
  6450 | D:5      | Found a staircase to the Ecumenical Temple.
  6455 | Temple   | Entered the Ecumenical Temple
  6756 | Temple   | Became a worshipper of Dithmenos the Shadowed
  6865 | D:5      | Found Ariuryob's Distillery.
  6873 | D:5      | Bought a potion of heal wounds for 60 gold pieces
  7256 | D:5      | Reached XP level 8. HP: 41/41 MP: 1/11
  7333 | D:5      | Reached skill level 5 in Dodging
  7337 | D:5      | Reached skill level 5 in Short Blades
  8264 | D:6      | Reached skill level 7 in Stealth
  8656 | D:6      | Noticed a yak
  8660 | D:6      | Noticed a yak
  8661 | D:6      | Noticed a yak
  8668 | D:6      | Noticed a yak
  8670 | D:6      | Noticed a yak
  8670 | D:6      | Killed a yak
  8710 | D:6      | Killed a yak
  8710 | D:6      | Reached XP level 9. HP: 38/45 MP: 0/12
  8731 | D:6      | Reached skill level 8 in Stealth
  8838 | D:6      | Reached * piety under Dithmenos
  9425 | D:7      | Found Cuqedgh's Armour Emporium.
  9812 | D:8      | Noticed a hippogriff
  9867 | D:8      | Noticed a two-headed ogre
  9886 | D:8      | Killed a two-headed ogre
  9886 | D:8      | Reached skill level 9 in Stealth
  9886 | D:8      | Reached XP level 10. HP: 50/50 MP: 4/13
 10996 | D:8      | Reached skill level 10 in Stealth
 11417 | D:9      | Reached skill level 10 in Hexes
 11608 | D:9      | Noticed Pikel
 11620 | D:9      | Reached ** piety under Dithmenos
 11622 | D:9      | Killed Pikel
 11622 | D:9      | Reached XP level 11. HP: 45/54 MP: 0/14
 12276 | D:9      | Reached skill level 11 in Stealth
 12392 | D:10     | Entered Level 10 of the Dungeon
 12792 | D:10     | Reached skill level 10 in Short Blades
 12899 | D:9      | Impaled on a porcupine's spines

Vault maps used:
D:1:      nzn_arrival_depleted_hourglass, kennysheep_pointless_box
D:2:      grunt_temple_overflow_cloverleaf, first_ration
D:3:      grunt_temple_overflow_opulence
D:4:      grunt_decor_mini_mirrors, uniq_robin
D:5:      minmay_temple_entry_statues_pillars, serial_shops, shop_fountains,
          shop, grunt_ministairs_4
D:7:      serial_shops, nicolae_shop_competitors_out_of_business,
          hangedman_decor_opposing
D:9:      uniq_pikel
D:10:     minmay_lair_entry_grove
Temple:   minmay_temple_bridge_d

Skill      XL: |  1  2  3  4  5  6  7  8  9 10 11 |
---------------+----------------------------------+-----
Short Blades   | 2 3 4 6 7 9 10 | 10.0
Dodging        | 3 4 6 7 8 9 |  9.0
Stealth        | 5 6 7 9 10 11 | 11.4
Hexes          | 4 5 7 8 10 | 10.3
Spellcasting   | |  2.3

Action                   |  1- 3 |  4- 6 |  7- 9 | 10-12 || total
-------------------------+-------+-------+-------+-------++-------
Melee: Dagger            |   124 |   185 |   190 |   215 ||   714
Throw: Stone             |       |       |     3 |     6 ||     9
 Cast: Confuse           |       |     7 |     6 |    10 ||    23
       Ensorcelled Hiber |       |    31 |    75 |    73 ||   179
Evoke: Wand              |       |       |       |     8 ||     8
  Use: Potion            |     1 |       |       |       ||     1
       Scroll            |       |       |     1 |       ||     1
 Stab: Sleeping          |    10 |    19 |    57 |    41 ||   127
       Confused          |       |     5 |     4 |     8 ||    17
       Distracted        |       |       |       |     2 ||     2
  Eat: Chunk             |    12 |    13 |    19 |    15 ||    59
Armor: Robe              |    35 |    28 |    13 |       ||    76
       Leather armour    |       |       |     7 |    24 ||    31
Dodge: Dodged            |    97 |   152 |   137 |   164 ||   550

Table legend:
 A = Spawn XP
 B = Non-spawn XP
 C = Spawn XP percentage of total XP
 D = Spawn monster count
 E = Non-spawn monster count
 F = Spawn count percentage of total count
 G = Total turns spent on level
                    A         B        C        D         E        F      G
               +---------+---------+-------+---------+---------+-------+---------
         Total |       0 |    9264 |   0.0 |       0 |     202 |   0.0 | 12899
               +---------+---------+-------+---------+---------+-------+---------
           D:1 |       0 |      32 |   0.0 |       0 |      20 |   0.0 |  1518
           D:2 |       0 |      58 |   0.0 |       0 |      16 |   0.0 |  1153
           D:3 |       0 |     338 |   0.0 |       0 |      36 |   0.0 |  2937
           D:4 |       0 |     385 |   0.0 |       0 |      18 |   0.0 |   926
           D:5 |       0 |     358 |   0.0 |       0 |      20 |   0.0 |  1215
           D:6 |       0 |    1544 |   0.0 |       0 |      19 |   0.0 |  1101
           D:7 |       0 |     526 |   0.0 |       0 |      13 |   0.0 |   532
           D:8 |       0 |    2539 |   0.0 |       0 |      21 |   0.0 |  1445
           D:9 |       0 |    2599 |   0.0 |       0 |      24 |   0.0 |  1270
          D:10 |       0 |     885 |   0.0 |       0 |      15 |   0.0 |   427
               +---------+---------+-------+---------+---------+-------+---------
